 Dungeon Crawl Stone Soup version 0.29-a0-90-gc37658a0fe (webtiles) character file.

Game seed: 12411140426515786591

4718 cheburek the Carver (level 10, -3/73 (87) HPs)
             Began as a Palentonga Fighter on Feb 6, 2022.
             Was a Follower of Wu Jian.
             Killed by divine providence
             ... invoked by an orc priest
              (14 damage)
             ... on level 9 of the Dungeon on Feb 7, 2022.
             The game lasted 02:47:39 (12276 turns).

cheburek the Carver (Palentonga Fighter)           Turns: 12276, Time: 02:47:40

HP:   -3/73 (87)    AC: 16    Str: 24    XL:     10   Next: 22%
MP:   10/10         EV:  7    Int:  9    God:    Wu Jian [*.....]
Gold: 280           SH:  8    Dex:  9    Spells: 9/9 levels left

rFire   . . .      SeeInvis +   z - +5 long sword
rCold   + . .      Faith    .   t - +0 kite shield
rNeg    . . .      Spirit   .   h - +1 leather armour {Will+}
rPois   .          Reflect  .   (no helmet)
rElec   .          Harm     .   (no cloak)
rCorr   +          Rampage  .   b - +2 pair of gloves
Will    ++...                   (no barding)
Stlth   +.........              (no amulet)
HPRegen 0.22/turn               i - ring of willpower
MPRegen 0.12/turn               u - ring of resist corrosion

@: hasted, heavily drained, curled up, very quick
A: large, rugged brown scales 3, see invisible, deformed body, roll 1, armoured
tail, reflexive curl, stinger 1, cold resistance 1
a: Rolling Charge, Renounce Religion


You were on level 9 of the Dungeon.
You worshipped Wu Jian.
Wu Jian was aware of your devotion.
You visited 2 branches of the dungeon, and saw 10 of its levels.

You collected 358 gold pieces.
You spent 78 gold pieces at shops.

Inventory:

Hand Weapons
 a - a +4 whip
 g - the +4 flail "Ypas" {vamp, rElec}
   (You found it on level 9 of the Dungeon)

   It occasionally heals its wielder for a portion of the damage dealt when it
   wounds a living foe.
   rElec:     It insulates you from electricity.
 q - a +1 vampiric rapier
 s - a +4 dire flail
 z - a +5 long sword (weapon)
Armour
 b - a +2 pair of gloves (worn)
 h - a +1 leather armour of willpower (worn)
 t - a +0 kite shield (worn)
Jewellery
 i - a ring of willpower (left hand)
 k - a ring of protection from cold
 n - a ring of magical power
 u - a ring of resist corrosion (right hand)
Wands
 d - a wand of paralysis (10)
 f - a wand of mindburst (15)
 j - a wand of acid (5)
 B - a wand of iceblast (11)
 D - a wand of flame (30)
Scrolls
 m - 4 scrolls of vulnerability
 y - a scroll of identify
 C - 2 scrolls of immolation
 G - a scroll of brand weapon {unknown}
Potions
 e - 2 potions of brilliance
 p - a potion of cancellation
 r - a potion of magic
 v - a potion of flight {unknown}
 x - a potion of heal wounds {unknown}
 E - 2 potions of curing


   Skills:
 + Level 8.7 Fighting
 * Level 11.6 Long Blades
 - Level 4.0 Armour
 - Level 0.1 Stealth
 - Level 4.0 Shields


You had 9 spell levels left.
You didn't know any spells.
Your spell library contained the following spells:

 Spells                   Type           Power      Damage    Failure   Level
 Shock                    Conj/Air       0%         1d3       71%         1
 Frozen Ramparts          Ice            0%         1d2       97%         3
 Swiftness                Air            0%         N/A       97%         3
 Airstrike                Air            0%         N/A       100%        4
 Fulminant Prism          Conj/Hex       0%         3d6       100%        4
 Ice Form                 Ice/Tmut       0%         N/A       100%        4
 Iskenderun's Mystic Bla  Conj/Tloc      0%         2d3       100%        4
 Summon Ice Beast         Ice/Summ       0%         N/A       100%        4
 Lee's Rapid Deconstruct  Erth           0%         3d5*      100%        5


Dungeon Overview and Level Annotations

Branches:
Dungeon (9/15)             Temple (1/1) D:7            Lair (0/6) D:9
    Orc: D:9-12

Altars:
Ashenzari
Cheibriados
Dithmenos
Elyvilon
Fedhas
Gozag
Hepliaklqana
Kikubaaqudgha
Makhleb
Nemelex Xobeh
Okawaru
Qazlal
Ru
Trog
Uskayaw
Wu Jian
Xom
Yredelemnul
The Shining One

Shops:
D:4 *   D:6 :   D:7 [![


Innate Abilities, Weirdness & Mutations

You are completely covered in rugged brown scales. (AC +3, +7% HP)
You have supernaturally acute eyesight. (SInv)
Armour fits poorly on your strangely shaped body.
You can roll at nearby foes to attack.
You have a long armoured tail.
You curl defensively after being hit. (AC +7*)
Your tail ends in a venomous barb.
Your flesh is cold resistant. (rC+)


Message History

A warg comes into view.
The warg howls!
The orc warrior hits you from afar with a +0 trident!
You see here 5 poisoned darts.
You block the orc warrior's attack.
The orc priest mumbles some strange prayers to Beogh against you.
Beogh smites you! The warg bites you!
The orc wizard mumbles some strange words.
The orc wizard flickers and vanishes for a moment.
The orc wizard casts a spell.
The orc wizard flickers and vanishes for a moment.
You feel yourself speed up.
A centaur comes into view.
The warg bites you but does no damage. The warg bites you.
The centaur moves out of view.
Okay, then.
The orc wizard casts a spell at you. The magic dart hits you.
You barely miss the warg. The warg bites you. You block the warg's attack.
You closely miss the warg. You tail-slap the warg!
The warg is moderately wounded.
The warg closely misses you. The warg bites you!
You slice the warg!!
The warg is almost dead.
The warg bites you!
* * * LOW HITPOINT WARNING * * *
You slash the warg!
You kill the warg!
The Council accepts your kill. You block the warg's attack.
You barely miss the warg. You hit the warg.
Your tail-slap misses the warg.
The warg is lightly wounded.
The warg barely misses you.
The orc wizard hits you but does no damage.
You slash the warg!
The warg is heavily wounded.
The orc priest calls down the wrath of Beogh upon you.
Beogh smites you!
You die...

.....#.....o#.....#
.o...#......#.....#
..o..#......#.....#
.....#.....o#.....#
.....#......#....o#
............#...o.#
..........oooo.o..#
..>..########..h†.#
.....#......#.oo@.#
.....#......#.....#######
.....#......#.....#.....#
.....#......#.....#.....#
#....#......#######.....#
#.......................#
#.........[.............########
#.......................#......#
#....#............#######......#


You could see a warg, an orc warrior, an orc priest, 3 orc wizards and 4 orcs.

Vanquished Creatures
  The ghost of Protee the Covert, a novice KoEn of Uskayaw (D:8)
  A centaur zombie (D:8)
  Psyche (D:8)
  5 yaks
  A steam dragon (D:8)
  A warg (D:9)
  2 water moccasins (D:5)
  A black bear (D:7)
  4 sky beasts
  A centaur (D:5)
  A phantom (D:4)
  2 kobold brigands (D:8)
  2 bullfrogs
  2 gnoll sergeants
  A wyvern zombie (D:8)
  2 scorpions (D:4)
  6 wights
  2 bullfrog zombies (D:5)
  2 jellies (D:5)
  A hound (D:7)
  5 orc priests
  A gnoll shaman (D:7)
  Jessica (D:3)
  Natasha (thrice) (D:2)
  Terence (D:3)
  3 iguanas
  7 orc wizards
  A killer bee zombie (D:8)
  6 adders
  11 gnolls
  A howler monkey skeleton (D:5)
  A shadow imp (D:7)
  2 worms (D:2)
  2 dart slugs (D:1)
  24 orcs
  6 ball pythons
  5 endoplasms
  A giant cockroach (D:3)
  8 hobgoblins
  2 jackals (D:1)
  14 kobolds
  5 quokkas
  5 bats
  A frilled lizard (D:1)
  6 goblins
  6 rats
167 creatures vanquished.

Vanquished Creatures (others)
  4 fungi (D:7)
4 creatures vanquished.

Grand Total: 171 creatures vanquished

Notes
Turn   | Place    | Note
-------+----------+-------------------------------------------
     0 | D:1      | cheburek the Palentonga Fighter began the quest for the
                  | Orb.
     0 | D:1      | Reached XP level 1. HP: 19/19 MP: 1/1
   160 | D:1      | Reached XP level 2. HP: 18/25 MP: 2/2
   610 | D:1      | Reached XP level 3. HP: 30/31 MP: 3/3
  1161 | D:2      | Noticed Natasha
  1163 | D:2      | Killed Natasha
  1534 | D:2      | Reached skill level 3 in Long Blades
  1534 | D:2      | Reached XP level 4. HP: 37/37 MP: 4/4
  1786 | D:2      | Noticed Natasha
  1789 | D:2      | Killed Natasha
  2025 | D:2      | Noticed Natasha
  2029 | D:2      | Killed Natasha
  2086 | D:3      | Noticed Jessica
  2092 | D:2      | Reached XP level 5. HP: 42/44 MP: 5/5
  2274 | D:3      | Killed Jessica
  2413 | D:3      | Noticed Terence
  2422 | D:3      | Killed Terence
  2994 | D:4      | Reached XP level 6. HP: 25/51 MP: 6/6
  3262 | D:4      | Reached skill level 4 in Long Blades
  3385 | D:4      | Noticed a sky beast
  3802 | D:4      | Found Exipsen Deir's Gadget Gallery.
  3887 | D:4      | Found an ornate altar of the Wu Jian Council.
  4305 | D:4      | Gained mutation: You curl defensively after being hit. (AC
                  | +7*) [Palentonga growth]
  4305 | D:4      | Reached XP level 7. HP: 58/58 MP: 7/7
  4411 | D:4      | Reached skill level 5 in Long Blades
  4827 | D:5      | Entered Level 5 of the Dungeon
  4979 | D:5      | Reached skill level 5 in Fighting
  4982 | D:5      | Gained mutation: Your tail ends in a venomous barb. [potion
                  | of mutation]
  4982 | D:5      | Gained mutation: Your flesh is cold resistant. (rC+)
                  | [potion of mutation]
  5397 | D:5      | Reached skill level 6 in Long Blades
  5582 | D:5      | Reached XP level 8. HP: 37/66 MP: 8/8
  6110 | D:4      | Became a worshipper of the Wu Jian Council
  6317 | D:5      | Reached skill level 7 in Long Blades
  6666 | D:6      | Found Huiph's Book Shoppe.
  7202 | D:7      | Found a staircase to the Ecumenical Temple.
  7216 | Temple   | Entered the Ecumenical Temple
  7446 | D:7      | Found Zamet's Armour Boutique.
  7449 | D:7      | Found Daetavvo's Distillery.
  7467 | D:7      | Reached skill level 8 in Long Blades
  7649 | D:7      | Bought a potion of curing for 39 gold pieces
  7649 | D:7      | Bought a potion of curing for 39 gold pieces
  7671 | D:7      | Found a snail-covered altar of Cheibriados.
  7674 | D:7      | Found a shadowy altar of Dithmenos.
  7729 | D:7      | Found a blossoming altar of Fedhas.
  8314 | D:7      | Reached XP level 9. HP: 49/75 MP: 9/9
  8492 | D:7      | Found Guruar's Armour Shoppe.
  9044 | D:8      | Reached skill level 9 in Long Blades
  9849 | D:8      | Noticed Psyche
  9858 | D:8      | Killed Psyche
  9858 | D:8      | Reached * piety under Wu Jian
  9859 | D:8      | Reached skill level 10 in Long Blades
  9880 | D:8      | Found a runed translucent door.
  9880 | D:8      | Noticed Protee's ghost (novice KoEn)
  9908 | D:8      | Killed Protee's ghost
 10049 | D:8      | Reached skill level 11 in Long Blades
 10071 | D:7      | Reached XP level 10. HP: 59/86 MP: 10/10
 11132 | D:8      | Found a glowing golden altar of the Shining One.
 11555 | D:9      | Identified the +4 flail "Ypas" {vamp, rElec}
 12257 | D:9      | Found a staircase to the Lair.
 12276 | D:9      | Killed from afar by an orc priest

Illustrated notes

Levels and vault maps discovered:
D:1:      psy_arrival_dodecagon, layout_loops_ring
D:2:      layout_basic, uniq_natasha
D:3:      layout_basic, uniq_terence, uniq_jessica
D:4:      layout_cave_pools, mainiacjoe_overflow_24_doors, nrook_campfire,
          nicolae_shop_gadgets
D:5:      layout_loops_ring
D:6:      layout_basic, serial_shops, shop
D:7:      layout_basic, mainiacjoe_overflow_boulevard,
          nicolae_overflow_hidden_temple, minmay_temple_entry_tees,
          serial_shops, nicolae_shop_statue_plus, shop, kennysheep_little_box
D:8:      layout_loops_ring, mainiacjoe_overflow_six_doors_small,
          gammafunk_ghost_grave, uniq_psyche
D:9:      layout_grid_maze, lemuel_coloured_pillars_altar,
          erik_lair_orcish_takeover
Temple:   nicolae_temple_elliptical

Skill      XL: |  1  2  3  4  5  6  7  8  9 |
---------------+----------------------------+-----
Long Blades    | 3 4 6 8 11 | 11.6
Armour         | 3 4 |  4.0
Shields        | 3 4 |  4.0
Fighting       | 4 5 6 8 |  8.7
Stealth        | |  0.1

Action                   |  1- 3 |  4- 6 |  7- 9 | 10-12 || total
-------------------------+-------+-------+-------+-------++-------
Melee: Long sword        |    81 |    81 |       |     7 ||   169
       Tailslap          |     4 |    18 |    58 |    21 ||   101
       Spear             |     4 |       |       |       ||     4
       Whip              |       |    48 |    12 |       ||    60
       Rapier            |       |     1 |   252 |    56 ||   309
       Falchion          |       |       |   122 |       ||   122
       Short sword       |       |       |       |    29 ||    29
Invok: Lunge             |       |       |     2 |       ||     2
       Whirlwind         |       |       |     1 |     3 ||     4
 Abil: Rolling Charge    |     8 |    19 |    36 |     6 ||    69
Evoke: Wand              |       |     1 |     6 |     2 ||     9
  Use: Scroll            |       |     2 |     9 |     1 ||    12
       Potion            |       |     1 |     6 |     1 ||     8
 Stab: Paralysed         |       |       |     5 |       ||     5
Armor: Scale mail        |    48 |       |       |       ||    48
       Chain mail        |       |    78 |    91 |       ||   169
       Leather armour    |       |       |    87 |    19 ||   106
Dodge: Dodged            |    39 |    35 |    72 |    19 ||   165
Block: Buckler           |    14 |    19 |    26 |       ||    59
       Kite shield       |       |       |    63 |    30 ||    93

Table legend: (Time is in decaauts)
 A = Elapsed time spent in this place.
 B = Non-inter-level travel time spent in this place.
 C = Inter-level travel time spent in this place.
 D = Time resting spent in this place.
 E = Time spent auto-exploring this place.
 F = Levels seen in this place.
 G = Mean time per level.
                   A        B        C        D        E       F      G
               +--------+--------+--------+--------+--------+-----+--------+
         Total |  12346 |  11883 |    463 |   2904 |   4600 |  10 | 1234.6 |
       Dungeon |  12210 |  11747 |    463 |   2904 |   4600 |   9 | 1356.7 |
        Temple |    135 |    135 |      0 |      0 |      0 |   1 |  135.0 |
               +--------+--------+--------+--------+--------+-----+--------+

Top non-repeatable levels by time:
     D:7: 2913 daAuts
     D:5: 1576 daAuts
     D:8: 1565 daAuts
     D:2: 1379 daAuts
     D:4: 1372 daAuts
     D:3: 1322 daAuts
     D:1: 893 daAuts
     D:6: 700 daAuts
     D:9: 486 daAuts
  Temple: 135 daAuts
